 Dungeon Crawl Stone Soup version 0.18-a0-337-g1235303 (webtiles) character file.

57 FishmanTm the Insei (level 4, -4/32 HPs)
             Began as a Merfolk Transmuter on Nov 29, 2015.
             Slain by endege's ghost (6 damage)
             ... on level 4 of the Dungeon.
             The game lasted 00:03:42 (1367 turns).

FishmanTm the Insei (Merfolk Transmuter)            Turns: 1367, Time: 00:03:43

Health: -4/32      AC:  2    Str: 15    XL:     4   Next: 0%
Magic:  7/7        EV: 13    Int: 13    God:
Gold:   128        SH:  0    Dex: 14    Spells: 3 memorised, 1 level left

rFire  + . .     SeeInvis .       - Unarmed
rCold  + . .     Clarity  .     b - +0 robe
rNeg   . . .     SustAt   .     (no shield)
rPois  +         Gourm    .     (no helmet)
rElec  +         Spirit   .     (no cloak)
rCorr  +         Warding  .     (no gloves)
rMut   .         Stasis   .     (no boots)
MR     .....                    (no amulet)
Stlth  +.........               (no ring)
                                (no ring)

@: mighty, resistant, not resistant to hostile enchantments, very unstealthy
A: change form in water, swift swim
a: no special abilities


You were on level 4 of the Dungeon.
You were not hungry.

You visited 1 branch of the dungeon, and saw 4 of its levels.

You collected 128 gold pieces.

Inventory:

Missiles
 a - 8 arrows
Armour
 b - a +0 robe (worn)
Jewellery
 j - an uncursed ring of stealth {unknown}
Scrolls
 k - a scroll of identify {unknown}
 l - a scroll of amnesia {unknown}
 o - a scroll of blinking {unknown}
 r - a scroll of enchant weapon {unknown}
Potions
 e - a potion of ambrosia {unknown}
 f - a potion of resistance
 g - 4 potions of curing
 q - a potion of degeneration {unknown}
Books
 c - a book of Changes

   Spells                             Type                      Level
   a - Beastly Appendage              Transmutation                1
   b - Sticks to Snakes               Transmutation                2
   c - Spider Form                    Transmutation/Poison         3
   d - Ice Form                       Ice/Transmutation            4
   e - Blade Hands                    Transmutation                5
Comestibles
 d - a bread ration
 h - a chunk of flesh
 i - a beef jerky
 m - 2 meat rations
 n - a slice of pizza


   Skills:
 - Level 1.1 Fighting
 - Level 2.6 Dodging
 - Level 4.5 Unarmed Combat
 - Level 2.0 Spellcasting
 + Level 4.0 Transmutations


You had one spell level left.
You knew the following spells:

 Your Spells              Type           Power        Failure   Level  Hunger
a - Beastly Appendage     Trmt           ##....       6%          1    ##.....
b - Sticks to Snakes      Trmt           ##......     10%         2    ###....
c - Spider Form           Trmt/Pois      #.........   34%         3    ####...


Dungeon Overview and Level Annotations

Branches:
Dungeon (4/15)             Temple (0/1) D:4

Altars:

Annotations:
D:2 Sigmund
D:4 endege's ghost, amateur SpBe


Message History

The orc shouts!
Endege's ghost closely misses you.
Found a spear.
Unknown command.
Drink which item? (? for menu, Esc to quit)
It was a potion of curing.
You feel better. Endege's ghost hits you!
* * * LOW HITPOINT WARNING * * *
Unknown command.
Unknown command.
Drink which item? (? for menu, Esc to quit)
It was a potion of resistance.
You feel protected. Endege's ghost closely misses you.
Unknown command.
Unknown command.
Drink which item? (? for menu, Esc to quit)
It was a potion of might.
You feel very mighty all of a sudden. Endege's ghost hits you.
You die...

#.#######..######
..# #..# .#
#..######
#.......#
#.#####.# ##.#
#..# #W### #@8.#
#.........#
#...8.>.8.#
)...........#
.....o#.8.###
.........##
.##...#### #...


You could see endege's ghost and an orc.

Vanquished Creatures
  2 adders (D:2)
  2 bats (D:2)
  2 goblins (D:2)
  4 hobgoblins
  8 kobolds
  2 giant cockroaches
  3 giant newts
  10 rats
33 creatures vanquished.

Vanquished Creatures (collateral kills)
  An adder (D:2)
  A quokka (D:2)
2 creatures vanquished.

Grand Total: 35 creatures vanquished

Notes
Turn   | Place    | Note
--------------------------------------------------------------
     0 | D:1      | FishmanTm the Merfolk Transmuter began the quest for the Orb.
     0 | D:1      | Reached XP level 1. HP: 15/15 MP: 3/3
   311 | D:1      | Reached XP level 2. HP: 21/21 MP: 3/5
   315 | D:1      | Learned a level 2 spell: Sticks to Snakes
   513 | D:1      | Reached skill level 4 in Unarmed Combat
   700 | D:2      | Reached XP level 3. HP: 23/26 MP: 4/6
   716 | D:2      | Learned a level 3 spell: Spider Form
  1303 | D:2      | Noticed Sigmund
  1321 | D:2      | You fall through a shaft for 2 floors!
  1324 | D:4      | Reached XP level 4. HP: 4/32 MP: 7/7
  1346 | D:4      | Noticed endege's ghost (amateur SpBe)
  1362 | D:4      | Found a staircase to the Ecumenical Temple.
  1362 | D:4      | HP: 1/32 [endege's ghost (7)]
  1367 | D:4      | Slain by endege's ghost

Vault maps used:
D:1:      zaba_arrival_water, minmay_misc_feat_five
D:2:      nicolae_overflow_hidden_temple, hangedman_decor_peaks_small,
          uniq_sigmund
D:3:      first_bread, uniq_iyjb
D:4:      gammafunk_temple_overflow_pools, minmay_temple_entry_statues_pillars,
          lightli_ossuary_entry_decrepit_ruins

Action                   |  1- 3 |  4- 6 || total
-------------------------+-------+-------++-------
Melee: Unarmed           |    90 |       ||    90
 Cast: Beastly Appendage |    24 |       ||    24
       Sticks to Snakes  |     4 |       ||     4
  Use: Potion            |       |     3 ||     3
 Stab: Sleeping          |     1 |       ||     1
  Eat: Chunk             |     2 |       ||     2
